TOP OF THE 1ST |
Evanston Elitists batting - Pitching for Lee's Summit Tigers : RHP Renato Camardiel
|
Pitching: RHP Renato Camardiel
|
|
Batting: SHB Troy Abreu
|
0-0: Fly out, F4 (Popup, 4)
|
Batting: RHB Zhong-xian Pai
|
0-0: Swinging Strike 0-1: Called Strike 0-2: Ball 1-2: Ball 2-2: Strikes out swinging
|
Batting: RHB Greg Nichols
|
0-0: Foul Ball, location: 2F 0-1: Ball 1-1: Called Strike 1-2: Foul Ball, location: 2F 1-2: Strikes out swinging passed ball, reaches first!
|
Batting: RHB Troy Johnson
|
0-0: Ball 1-0: Ball 2-0: Foul Ball, location: 2F 2-1: Swinging Strike 2-2: Strikes out swinging
|
Top of the 1st over - 0 runs, 0 hits, 0 errors, 1 left on base; Evanston 0 - Lee's Summit 0 |
BOTTOM OF THE 1ST |
Lee's Summit Tigers batting - Pitching for Evanston Elitists : RHP Tim Lowry
|
Pitching: RHP Tim Lowry
|
|
Batting: LHB José Guerrero
|
0-0: Ground out 3-1 (Groundball, 3S)
|
Batting: RHB Stephen Segura
|
0-0: Foul Ball, location: 2F 0-1: Foul Ball, location: 2F 0-2: Strikes out swinging
|
Batting: LHB Víctor Piña
|
0-0: Called Strike 0-1: Foul Ball, location: 2F 0-2: Ball 1-2: Ball 2-2: Ground out 5-3 (Groundball, 25)
|
Bottom of the 1st over - 0 runs, 0 hits, 0 errors, 0 left on base; Evanston 0 - Lee's Summit 0 |
TOP OF THE 2ND |
Evanston Elitists batting - Pitching for Lee's Summit Tigers : RHP Renato Camardiel
|
Batting: RHB Ed Gaston
|
0-0: Ball 1-0: Ball 2-0: Ball 3-0: Base on Balls
|
Batting: RHB Chris Barker
|
0-0: Called Strike 0-1: Called Strike 0-2: Fly out, F7 (Line Drive, 7D)
|
Batting: LHB Jean-Sébastien Beaudin
|
0-0: Ball 1-0: Called Strike 1-1: Ball 2-1: Foul Ball, location: 2F 2-2: Ball 3-2: Fly out, F8 (Flyball, 8RM)
|
Batting: RHB Joe Farrell
|
0-0: Ball 1-0: Foul Ball, location: 2F 1-1: Foul Ball, location: 2F 1-2: Foul Ball, location: 2F 1-2: Foul Ball, location: 2F 1-2: Ball 2-2: Ball 3-2: Foul Ball, location: 2F 3-2: Strikes out swinging
|
Top of the 2nd over - 0 runs, 0 hits, 0 errors, 1 left on base; Evanston 0 - Lee's Summit 0 |
BOTTOM OF THE 2ND |
Lee's Summit Tigers batting - Pitching for Evanston Elitists : RHP Tim Lowry
|
Batting: RHB Tommy Smith
|
0-0: Called Strike 0-1: Foul Ball, location: 2F 0-2: Strikes out looking
|
Batting: RHB José Deleón
|
0-0: Ball 1-0: Called Strike 1-1: Ball 2-1: Ball 3-1: Foul Ball, location: 2F 3-2: Base on Balls
|
Batting: RHB Juan Rodríguez
|
0-0: Ball 1-0: Ball 2-0: SINGLE (Groundball, 3D) José Deleón to second Runner from 2nd tries for 3rd, SAFE, no throw
|
Batting: RHB Josh Martin
|
0-0: Called Strike 0-1: SINGLE (Flyball, 9LS) José Deleón scores Juan Rodríguez to second
|
Batting: LHB António Bonaccorsi
|
0-0: Foul Ball, location: 2F 0-1: Called Strike 0-2: Foul Ball, location: 2F 0-2: Foul Ball, location: 2F 0-2: Foul Ball, location: 2F 0-2: Ball 1-2: SINGLE (Groundball, 6MD) Juan Rodríguez to third Josh Martin to second Runner from 3rd tries for Home, SAFE, no throw
|
Batting: SHB Enrique Bartoccini
|
0-0: Ball 1-0: Ball 2-0: Fly out, F3 (Line Drive, 34) Lined into DP, U3 (Line Drive, 34)
|
Bottom of the 2nd over - 2 runs, 3 hits, 0 errors, 1 left on base; Evanston 0 - Lee's Summit 2 |
TOP OF THE 3RD |
Evanston Elitists batting - Pitching for Lee's Summit Tigers : RHP Renato Camardiel
|
Batting: RHB Bruce Adams
|
0-0: Reached on error, E5 (Groundball, 56S)
|
Batting: SHB Troy Abreu
|
0-0: Ball 1-0: Ball Bruce Adams steals 2nd base 2-0: Ball 3-0: Called Strike 3-1: Ground out 5-3 (Groundball, 56)
|
Batting: RHB Zhong-xian Pai
|
0-0: Called Strike 0-1: Fly out, F9 (Flyball, 9) Runner from 2nd tags up, SAFE at 3rd with throw
|
Batting: RHB Greg Nichols
|
0-0: Called Strike 0-1: Called Strike 0-2: Ball 1-2: Ball 2-2: Strikes out swinging
|
Top of the 3rd over - 0 runs, 0 hits, 1 error, 1 left on base; Evanston 0 - Lee's Summit 2 |
BOTTOM OF THE 3RD |
Lee's Summit Tigers batting - Pitching for Evanston Elitists : RHP Tim Lowry
|
Batting: LHB José Guerrero
|
0-0: Called Strike 0-1: Hit by Pitch
|
Batting: RHB Stephen Segura
|
0-0: Ball 1-0: Ball 2-0: Foul Ball, location: 2F 2-1: Swinging Strike 2-2: Foul Ball, location: 2F 2-2: Strikes out looking
|
Batting: LHB Víctor Piña
|
0-0: Called Strike 0-1: Ball 1-1: Ball 2-1: Called Strike 2-2: Ball 3-2: Fly out, F2 (Popup, 23F)
|
Batting: RHB Tommy Smith
|
0-0: Ball José Guerrero steals 2nd base 1-0: Ball 2-0: Swinging Strike 2-1: Ball 3-1: Base on Balls
|
Batting: RHB José Deleón
|
0-0: Called Strike 0-1: Swinging Strike 0-2: Ball 1-2: Strikes out swinging
|
Bottom of the 3rd over - 0 runs, 0 hits, 0 errors, 2 left on base; Evanston 0 - Lee's Summit 2 |
TOP OF THE 4TH |
Evanston Elitists batting - Pitching for Lee's Summit Tigers : RHP Renato Camardiel
|
Batting: RHB Troy Johnson
|
0-0: Called Strike 0-1: Ball 1-1: Swinging Strike 1-2: Strikes out swinging
|
Batting: RHB Ed Gaston
|
0-0: Foul Ball, location: 2F 0-1: Swinging Strike 0-2: Foul Ball, location: 2F 0-2: Strikes out swinging
|
Batting: RHB Chris Barker
|
0-0: Called Strike 0-1: Called Strike 0-2: Ball 1-2: Strikes out swinging
|
Top of the 4th over - 0 runs, 0 hits, 0 errors, 0 left on base; Evanston 0 - Lee's Summit 2 |
BOTTOM OF THE 4TH |
Lee's Summit Tigers batting - Pitching for Evanston Elitists : RHP Tim Lowry
|
Batting: RHB Juan Rodríguez
|
0-0: Ball 1-0: Swinging Strike 1-1: Ball 2-1: Fly out, F7 (Flyball, 78D)
|
Batting: RHB Josh Martin
|
0-0: Ball 1-0: SINGLE (Line Drive, 9S)
|
Batting: LHB António Bonaccorsi
|
0-0: Called Strike 0-1: Ball 1-1: Ball 2-1: Foul Ball, location: 2F 2-2: Fielders Choice at 2nd, 3-6 (Groundball, 3)
|
Batting: SHB Enrique Bartoccini
|
0-0: Ball 1-0: Ball 2-0: Fly out, F9 (Flyball, 9S)
|
Bottom of the 4th over - 0 runs, 1 hit, 0 errors, 1 left on base; Evanston 0 - Lee's Summit 2 |
TOP OF THE 5TH |
Evanston Elitists batting - Pitching for Lee's Summit Tigers : RHP Renato Camardiel
|
Batting: LHB Jean-Sébastien Beaudin
|
0-0: Foul Ball, location: 2F 0-1: Foul Ball, location: 2F 0-2: Foul Ball, location: 2F 0-2: Ball 1-2: Fly out, F4 (Flyball, 34D)
|
Batting: RHB Joe Farrell
|
0-0: Called Strike 0-1: SINGLE (Groundball, 4D)
|
Batting: RHB Bruce Adams
|
0-0: Foul Ball, location: 2F 0-1: Ball 1-1: Called Strike 1-2: Ball 2-2: Ball 3-2: Base on Balls Joe Farrell to second
|
Batting: SHB Troy Abreu
|
0-0: Ball 1-0: Ball 2-0: Ball 3-0: Called Strike 3-1: Base on Balls Joe Farrell to third Bruce Adams to second
|
Batting: RHB Zhong-xian Pai
|
0-0: Foul Ball, location: 2F 0-1: Swinging Strike 0-2: Ball 1-2: Strikes out swinging
|
Batting: RHB Greg Nichols
|
0-0: Called Strike 0-1: SINGLE (Flyball, 56D) Joe Farrell scores Bruce Adams to third Troy Abreu to second Runner from 3rd tries for Home, SAFE, no throw
|
Batting: RHB Troy Johnson
|
0-0: Foul Ball, location: 2F 0-1: Ball 1-1: Foul Ball, location: 2F 1-2: Foul Ball, location: 2F 1-2: Ground out 5-3 (Groundball, 56S)
|
Top of the 5th over - 2 runs, 2 hits, 0 errors, 2 left on base; Evanston 2 - Lee's Summit 2 |
BOTTOM OF THE 5TH |
Lee's Summit Tigers batting - Pitching for Evanston Elitists : RHP Tim Lowry
|
Batting: LHB José Guerrero
|
0-0: Ball 1-0: Foul Ball, location: 2F 1-1: Foul Ball, location: 2F 1-2: Strikes out swinging
|
Batting: RHB Stephen Segura
|
0-0: Ball 1-0: SINGLE (Line Drive, 7S)
|
Batting: LHB Víctor Piña
|
0-0: SINGLE (Flyball, 8LS) Stephen Segura to second
|
Batting: RHB Tommy Smith
|
0-0: Swinging Strike 0-1: Ball 1-1: Grounds into double play, 5-4-3 (Groundball, 5)
|
Bottom of the 5th over - 0 runs, 2 hits, 0 errors, 1 left on base; Evanston 2 - Lee's Summit 2 |
TOP OF THE 6TH |
Evanston Elitists batting - Pitching for Lee's Summit Tigers : RHP Renato Camardiel
|
Batting: RHB Ed Gaston
|
0-0: Called Strike 0-1: Ball 1-1: Called Strike 1-2: Ball 2-2: Strikes out swinging
|
Batting: RHB Chris Barker
|
0-0: Ball 1-0: Fly out, F8 (Flyball, 8RM)
|
Batting: LHB Jean-Sébastien Beaudin
|
0-0: Ball 1-0: Called Strike 1-1: Foul Ball, location: 2F 1-2: Ball 2-2: Fly out, F3 (Popup, 34)
|
Top of the 6th over - 0 runs, 0 hits, 0 errors, 0 left on base; Evanston 2 - Lee's Summit 2 |
BOTTOM OF THE 6TH |
Lee's Summit Tigers batting - Pitching for Evanston Elitists : RHP Tim Lowry
|
Batting: RHB José Deleón
|
0-0: Ball 1-0: Called Strike 1-1: Ball 2-1: Ball 3-1: Ground out 4-3 (Groundball, 4)
|
Batting: RHB Juan Rodríguez
|
0-0: Foul Ball, location: 2F 0-1: Foul Ball, location: 2F 0-2: Ball 1-2: Ball 2-2: Fly out, F6 (Line Drive, 6M)
|
Batting: RHB Josh Martin
|
0-0: Ball 1-0: Foul Ball, location: 2F 1-1: Called Strike 1-2: Strikes out swinging
|
Bottom of the 6th over - 0 runs, 0 hits, 0 errors, 0 left on base; Evanston 2 - Lee's Summit 2 |
TOP OF THE 7TH |
Evanston Elitists batting - Pitching for Lee's Summit Tigers : RHP Renato Camardiel
|
Pitching: RHP Dave Anderson
|
|
Batting: RHB Joe Farrell
|
0-0: Ball 1-0: Ball 2-0: Called Strike 2-1: Foul Ball, location: 2F 2-2: Foul Ball, location: 2F 2-2: Ball 3-2: Base on Balls
|
Pinch Hitting: RHB Michael Scott
|
0-0: Sac Bunt - play at first, batter OUT! 1-4 Joe Farrell to second
|
Batting: SHB Troy Abreu
|
0-0: Ball 1-0: Ball 2-0: Called Strike 2-1: Ball 3-1: Called Strike 3-2: Base on Balls
|
Batting: RHB Zhong-xian Pai
|
0-0: Foul Ball, location: 2F 0-1: Called Strike 0-2: Ball 1-2: Ball 2-2: Strikes out swinging
|
Batting: RHB Greg Nichols
|
0-0: Ball 1-0: Fly out, F8 (Line Drive, 78D)
|
Top of the 7th over - 0 runs, 0 hits, 0 errors, 2 left on base; Evanston 2 - Lee's Summit 2 |
BOTTOM OF THE 7TH |
Lee's Summit Tigers batting - Pitching for Evanston Elitists : RHP Tim Lowry
|
Pitching: RHP Joel Cobb
|
|
Now at 2B: Jaime Aguirre
|
|
Batting: LHB António Bonaccorsi
|
0-0: Ball 1-0: Ball 2-0: SINGLE (Line Drive, 4M)
|
Batting: SHB Enrique Bartoccini
|
0-0: Ball 1-0: Bunted foul 1-1: Bunted foul 1-2: Strikes out swinging
|
Batting: LHB José Guerrero
|
0-0: Ball 1-0: Grounds into double play, 6-4-3 (Groundball, 6)
|
Bottom of the 7th over - 0 runs, 1 hit, 0 errors, 0 left on base; Evanston 2 - Lee's Summit 2 |
TOP OF THE 8TH |
Evanston Elitists batting - Pitching for Lee's Summit Tigers : RHP Dave Anderson
|
Batting: RHB Troy Johnson
|
0-0: Called Strike 0-1: Ground out 5-3 (Groundball, 56)
|
Batting: RHB Ed Gaston
|
0-0: Foul Ball, location: 2F 0-1: Swinging Strike 0-2: Ball 1-2: Hit by Pitch
|
Batting: RHB Chris Barker
|
0-0: Ball 1-0: Foul Ball, location: 2F 1-1: SINGLE (Groundball, 34S) (infield hit) Ed Gaston to second
|
Batting: LHB Jean-Sébastien Beaudin
|
0-0: Swinging Strike 0-1: Ball 1-1: Swinging Strike 1-2: Ball 2-2: Fly out, F8 (Flyball, 8RM)
|
Batting: RHB Joe Farrell
|
0-0: Foul Ball, location: 2F 0-1: SINGLE (Line Drive, 5D) Ed Gaston to third Chris Barker to second Runner from 3rd tries for Home, SAFE, no throw
|
Batting: RHB Jaime Aguirre
|
0-0: Ground out 4-3 (Groundball, 4)
|
Top of the 8th over - 1 run, 2 hits, 0 errors, 2 left on base; Evanston 3 - Lee's Summit 2 |
BOTTOM OF THE 8TH |
Lee's Summit Tigers batting - Pitching for Evanston Elitists : RHP Joel Cobb
|
Batting: RHB Stephen Segura
|
0-0: Swinging Strike 0-1: Ball 1-1: Called Strike 1-2: Strikes out swinging
|
Batting: LHB Víctor Piña
|
0-0: Ball 1-0: Swinging Strike 1-1: Ball 2-1: Swinging Strike 2-2: Foul Ball, location: 2F 2-2: Strikes out looking
|
Batting: RHB Tommy Smith
|
0-0: Ball 1-0: Swinging Strike 1-1: Ball 2-1: Foul Ball, location: 2F 2-2: Ball 3-2: Base on Balls
|
Pinch Runner at 1st Claudio Jiménez:
|
|
Batting: RHB José Deleón
|
0-0: Called Strike 0-1: SINGLE (Flyball, 89S) Claudio Jiménez to second Runner from 2nd tries for 3rd, SAFE, no throw
|
Batting: RHB Juan Rodríguez
|
0-0: Fly out, F6 (Line Drive, 6MD)
|
Bottom of the 8th over - 0 runs, 1 hit, 0 errors, 2 left on base; Evanston 3 - Lee's Summit 2 |
TOP OF THE 9TH |
Evanston Elitists batting - Pitching for Lee's Summit Tigers : RHP Dave Anderson
|
Now in RF: Claudio Jiménez
|
|
Batting: SHB Troy Abreu
|
0-0: Ball 1-0: Ball 2-0: Ball 3-0: Called Strike 3-1: Swinging Strike 3-2: Base on Balls
|
Pitching: RHP Tomás Viña
|
|
Batting: RHB Zhong-xian Pai
|
0-0: Ball 1-0: Called Strike 1-1: Ball 2-1: Sac Bunt - play at first, batter OUT! 1-4 Troy Abreu to second
|
Batting: RHB Greg Nichols
|
0-0: Ball 1-0: Ball 2-0: Fly out, F8 (Flyball, 78D)
|
Batting: RHB Troy Johnson
|
0-0: Foul Ball, location: 2F 0-1: Called Strike 0-2: Ball 1-2: Ball 2-2: Ball 3-2: Strikes out swinging
|
Top of the 9th over - 0 runs, 0 hits, 0 errors, 1 left on base; Evanston 3 - Lee's Summit 2 |
BOTTOM OF THE 9TH |
Lee's Summit Tigers batting - Pitching for Evanston Elitists : RHP Joel Cobb
|
Pitching: RHP Raúl Pérez
|
|
Batting: RHB Josh Martin
|
0-0: Ball 1-0: SINGLE (Groundball, 6) (infield hit)
|
Batting: LHB António Bonaccorsi
|
0-0: Ball 1-0: Sac Bunt - play at first, batter OUT! 1-4 Josh Martin to second
|
Pinch Hitting: RHB John Arnold
|
0-0: Called Strike 0-1: Called Strike 0-2: Ball 1-2: Ball 2-2: Ball 3-2: Foul Ball, location: 2F 3-2: Base on Balls
|
Batting: LHB José Guerrero
|
0-0: Single, Error in OF, E7, batter to second base Josh Martin scores John Arnold to third
|
Batting: RHB Stephen Segura
|
0-0: Intentional Walk
|
Batting: LHB Víctor Piña
|
0-0: Ball 1-0: Called Strike 1-1: Swinging Strike 1-2: Ball 2-2: Foul Ball, location: 2F 2-2: Fly out, F6 (Popup, 6MS)
|
Pinch Hitting: SHB Tony Morrison
|
0-0: Foul Ball, location: 2F 0-1: Called Strike 0-2: Ball 1-2: Ball 2-2: Strikes out swinging
|
Bottom of the 9th over - 1 run, 2 hits, 1 error, 3 left on base; Evanston 3 - Lee's Summit 3 |
TOP OF THE 10TH |
Evanston Elitists batting - Pitching for Lee's Summit Tigers : RHP Tomás Viña
|
Pitching: LHP Luis Sandoval
|
|
Now at SS: Tony Morrison
|
|
Now in RF: John Arnold
|
|
Batting: RHB Ed Gaston
|
0-0: Foul Ball, location: 2F 0-1: Ball 1-1: Foul Ball, location: 2F 1-2: Ball 2-2: Strikes out swinging
|
Batting: RHB Chris Barker
|
0-0: Ball 1-0: Ball 2-0: Called Strike 2-1: Called Strike 2-2: Strikes out swinging
|
Batting: LHB Jean-Sébastien Beaudin
|
0-0: Ball 1-0: Ground out U3 (Groundball, 34)
|
Top of the 10th over - 0 runs, 0 hits, 0 errors, 0 left on base; Evanston 3 - Lee's Summit 3 |
BOTTOM OF THE 10TH |
Lee's Summit Tigers batting - Pitching for Evanston Elitists : RHP Raúl Pérez
|
Pitching: RHP António Acosta
|
|
Batting: RHB José Deleón
|
0-0: Ball 1-0: Called Strike 1-1: Ball 2-1: Foul Ball, location: 2F 2-2: SINGLE (Line Drive, 6D)
|
Batting: RHB Juan Rodríguez
|
0-0: Ball 1-0: Ball 2-0: Ball 3-0: Called Strike 3-1: SINGLE (Groundball, 56D) José Deleón to second
|
Pinch Runner at 2nd Chris Boner:
|
|
Batting: RHB Josh Martin
|
0-0: Ball 1-0: Called Strike 1-1: Called Strike 1-2: Grounds into double play, 5-4-3 (Groundball, 56) Chris Boner to third
|
Batting: LHB António Bonaccorsi
|
0-0: Ball 1-0: Fly out, F9 (Line Drive, 9)
|
Bottom of the 10th over - 0 runs, 2 hits, 0 errors, 1 left on base; Evanston 3 - Lee's Summit 3 |
TOP OF THE 11TH |
Evanston Elitists batting - Pitching for Lee's Summit Tigers : LHP Luis Sandoval
|
Now at 2B: Chris Boner
|
|
Batting: RHB Joe Farrell
|
0-0: Ball 1-0: Ball 2-0: Fly out, F6 (Line Drive, 6)
|
Batting: RHB Jaime Aguirre
|
0-0: Ball 1-0: Ball 2-0: Ball 3-0: Called Strike 3-1: Base on Balls
|
Batting: SHB Troy Abreu
|
0-0: Foul Ball, location: 2F 0-1: Called Strike Jaime Aguirre is caught stealing 2nd base 0-2: Foul Ball, location: 2F 0-2: Ball 1-2: Foul Ball, location: 2F 1-2: Ball 2-2: Ball 3-2: Foul Ball, location: 2F 3-2: SINGLE (Groundball, 34D)
|
Batting: RHB Zhong-xian Pai
|
0-0: Fly out, F9 (Line Drive, 89M)
|
Top of the 11th over - 0 runs, 1 hit, 0 errors, 1 left on base; Evanston 3 - Lee's Summit 3 |
BOTTOM OF THE 11TH |
Lee's Summit Tigers batting - Pitching for Evanston Elitists : RHP António Acosta
|
Batting: RHB John Arnold
|
0-0: SINGLE (Groundball, 4MD)
|
Batting: LHB José Guerrero
|
0-0: Foul Ball, location: 2F 0-1: Bunted foul 0-2: Ball 1-2: Foul Ball, location: 2F 1-2: Fielders Choice at 2nd, 4-6 (Groundball, 4)
|
Batting: RHB Stephen Segura
|
0-0: Called Strike 0-1: Ball José Guerrero is caught stealing 2nd base 1-1: SINGLE (Line Drive, 8RS)
|
Batting: LHB Víctor Piña
|
0-0: Called Strike 0-1: Ball 1-1: Fly out, F9 (Flyball, 9D)
|
Bottom of the 11th over - 0 runs, 2 hits, 0 errors, 1 left on base; Evanston 3 - Lee's Summit 3 |
TOP OF THE 12TH |
Evanston Elitists batting - Pitching for Lee's Summit Tigers : LHP Luis Sandoval
|
Pitching: RHP Francisco Ramírez
|
|
Batting: RHB Greg Nichols
|
0-0: Fly out, F9 (Flyball, 89D)
|
Batting: RHB Troy Johnson
|
0-0: Ball 1-0: Swinging Strike 1-1: Foul Ball, location: 2F 1-2: Fly out, F7 (Flyball, 78S)
|
Batting: RHB Ed Gaston
|
0-0: Ball 1-0: Foul Ball, location: 2F 1-1: Swinging Strike 1-2: Ball 2-2: DOUBLE (Line Drive, 9LM)
|
Batting: RHB Chris Barker
|
0-0: Called Strike 0-1: DOUBLE (Flyball, 89XD) Ed Gaston scores
|
Batting: LHB Jean-Sébastien Beaudin
|
0-0: SINGLE (Groundball, 3D) Chris Barker to third Runner from 3rd tries for Home, SAFE, no throw
|
Batting: RHB Joe Farrell
|
0-0: Ball 1-0: Called Strike 1-1: Ball 2-1: Foul Ball, location: 2F 2-2: SINGLE (Line Drive, 89M) Jean-Sébastien Beaudin to second
|
Batting: RHB Jaime Aguirre
|
0-0: Foul Ball, location: 2F 0-1: SINGLE (Groundball, 34D) Jean-Sébastien Beaudin to third Joe Farrell to second Runner from 3rd tries for Home, SAFE, throw made home
|
Batting: SHB Troy Abreu
|
0-0: Ball 1-0: Ball 2-0: DOUBLE (Line Drive, 9LM) Joe Farrell scores Jaime Aguirre to third
|
Batting: RHB Zhong-xian Pai
|
0-0: Ball 1-0: Called Strike 1-1: Foul Ball, location: 2F 1-2: Ball 2-2: Ball 3-2: Strikes out swinging
|
Top of the 12th over - 4 runs, 6 hits, 0 errors, 2 left on base; Evanston 7 - Lee's Summit 3 |
BOTTOM OF THE 12TH |
Lee's Summit Tigers batting - Pitching for Evanston Elitists : RHP António Acosta
|
Batting: SHB Tony Morrison
|
0-0: Foul Ball, location: 2F 0-1: Swinging Strike 0-2: SINGLE (Groundball, 3D)
|
Batting: RHB Chris Boner
|
0-0: Called Strike 0-1: Ball 1-1: Swinging Strike 1-2: Strikes out swinging
|
Batting: RHB Juan Rodríguez
|
0-0: Fly out, F3 (Popup, 23F)
|
Batting: RHB Josh Martin
|
0-0: Ball 1-0: Called Strike 1-1: Called Strike 1-2: Ball Pickoff Throw to First - Error! E1 Tony Morrison to second 2-2: SINGLE (Groundball, 34S) (infield hit) Tony Morrison to third
|
Batting: LHB António Bonaccorsi
|
0-0: Called Strike 0-1: Foul Ball, location: 2F 0-2: Ball Wild Pitch! Tony Morrison scores Josh Martin to second 1-2: Foul Ball, location: 2F 1-2: Ball 2-2: Foul Ball, location: 2F 2-2: Foul Ball, location: 2F 2-2: Ball 3-2: Base on Balls
|
Batting: RHB John Arnold
|
0-0: Foul Ball, location: 2F 0-1: Foul Ball, location: 2F 0-2: Ball 1-2: Foul Ball, location: 2F 1-2: Strikes out looking
|
Bottom of the 12th over - 1 run, 2 hits, 1 error, 2 left on base; Evanston 7 - Lee's Summit 4 |
|